 Dungeon Crawl Stone Soup version 0.31-a0-112-gdf0485fa37 (webtiles) character file.

Game seed: 9012624570414822853

97421 TittyCrusher the Gelid (level 16, 9/128 HPs)
             Began as a Djinni Hedge Wizard on May 29, 2023.
             Was a High Priest of Makhleb.
             Quit the game on level 14 of the Dungeon.
             The game lasted 02:28:30 (25780 turns).

TittyCrusher the Gelid (Djinni Hedge Wizard)       Turns: 25780, Time: 02:28:31

Health: 9/128      AC: 11    Str:  9    XL:     16   Next: 69%
Gold:   2773       EV: 15    Int: 26    God:    Makhleb [*****.] SH:  3 Dex: 14

rFire   + + .        g - +5 rapier of Nibbemim {holy, Contam rElec MP+9}
rCold   . . .        Y - +0 buckler "Ceasch" {Int+3}
rNeg    . . .        X - +0 troll leather armour
rPois   ∞            M - +2 helmet
rElec   +            K - +2 cloak {Will+}
rCorr   +            h - +0 pair of gloves
SInv    .            (boots unavailable)
Will    ++...        s - amulet of regeneration
Stlth   +++          U - ring of resist corrosion
HPRegen 2.01/turn    w - ring of protection from cold
MPRegen 0.00/turn

%: no passive effects
@: flying, studying Ice Magic
A: sickness immunity, fire resistance 2, cold vulnerability 1, float, innate
caster, HP casting, extra vitality 1, fangs 1
a: Renounce Religion, Minor Destruction, Lesser Servant of Makhleb, Major
Destruction, Greater Servant of Makhleb


You were on level 14 of the Dungeon.
You worshipped Makhleb.
Makhleb was extremely pleased with you.
You visited 4 branches of the dungeon, and saw 22 of its levels.

You collected 4224 gold pieces.
You spent 1451 gold pieces at shops.

Inventory:

Hand Weapons
 a - a +4 quarterstaff of chaos
 b - the +4 falchion of Qazlal's Whim {heavy, rC+ Will+ Dex+4 Stlth-}
   (You bought it in a shop on level 1 of the Orcish Mines)

   Dex:       It affects your dexterity (+4).
   rC:        It protects you from cold.
   Will:      It increases your willpower.
   Stlth:     It makes you less stealthy.
 g - the +5 rapier of Nibbemim (weapon) {holy, Contam rElec MP+9}
   (You bought it in a shop on level 2 of the Orcish Mines)

   rElec:     It insulates you from electricity.
   MP:        It affects your magic capacity (+9).
   Contam:    It causes magical contamination when unequipped.
 j - the +9 long sword of Givualy {venom, Will+}
   (You bought it in a shop on level 2 of the Orcish Mines)

   Will:      It increases your willpower.
 L - a +1 vampiric dagger
Missiles
 d - 173 stones
Armour
 h - a +0 pair of gloves (worn)
 K - a +2 cloak of willpower (worn)
 M - a +2 helmet (worn)
 X - a +0 troll leather armour (worn)
 Y - the +0 buckler "Ceasch" (worn) {Int+3}
   (You acquired it on level 12 of the Dungeon)

   Int:       It affects your intelligence (+3).
Jewellery
 q - a ring of protection from fire
 s - an amulet of regeneration (around neck)
 w - a ring of protection from cold (right hand)
 y - a ring of protection from cold
 P - a ring of see invisible
 S - an amulet of the acrobat
 U - a ring of resist corrosion (left hand)
Wands
 x - a wand of polymorph (26)
 z - a wand of mindburst (14)
 B - a wand of flame (40)
 F - a wand of roots (13)
 T - a wand of paralysis (26)
 W - a wand of digging (4)
Scrolls
 k - 4 scrolls of immolation
 l - a scroll of silence
 o - 3 scrolls of enchant armour
 r - 3 scrolls of enchant weapon
 u - 2 scrolls of fog
 v - a scroll of butterflies
 A - 3 scrolls of amnesia
 O - 4 scrolls of vulnerability
 Z - a scroll of magic mapping
Potions
 f - a potion of haste
 i - a potion of mutation
 m - 5 potions of attraction
 n - 3 potions of might
 p - 4 potions of lignification
 E - 2 potions of resistance
 H - 3 potions of cancellation
 I - 3 potions of enlightenment
 N - 4 potions of curing
 Q - a potion of berserk rage {unknown}
Miscellaneous
 c - a phial of floods (inert)
 e - a piece from Xom's chessboard (15/15)
 t - a condenser vane


   Skills:
 - Level 16.0 Fighting
 - Level 3.2 Staves
 - Level 10.0 Dodging
 - Level 5.0 Stealth
 - Level 16.2 Spellcasting
 - Level 16.2 Conjurations
 - Level 16.2 Hexes
 - Level 16.2 Summonings
 - Level 16.2 Necromancy
 - Level 16.2 Translocations
 - Level 16.2 Transmutations
 - Level 16.2 Fire Magic
 - Level 19.0 Ice Magic
 - Level 16.2 Air Magic
 - Level 16.2 Earth Magic
 - Level 16.2 Poison Magic
 + Level 9.6 Invocations
 - Level 2.4 Evocations


You knew the following spells:

 Your Spells              Type           Power      Damage    Failure   Level
a - Magic Dart            Conj           100%       1d8       0%          1
b - Slow                  Hex            100%       N/A       0%          1
c - Blink                 Tloc           100%       N/A       0%          2
d - Call Imp              Summ           100%       N/A       0%          2
e - Mephitic Cloud        Conj/Pois/Air  81%        N/A       1%          3
f - Foxfire               Conj/Fire      100%       2x1d9     0%          1
g - Lesser Beckoning      Tloc           100%       N/A       0%          2
h - Searing Ray           Conj           100%       2d8       0%          2
i - Manifold Assault      Tloc           81%        N/A       1%          4
j - Dispel Undead         Necr           81%        3d26      1%          4
k - Metabolic Englaciati  Hex/Ice        42%        N/A       1%          5
l - Death Channel         Necr           40%        N/A       1%          6
Your spell library was empty.

Dungeon Overview and Level Annotations

Branches:
Dungeon (14/15)            Temple (1/1) D:6            Lair (5/5) D:11
 Shoals (0/4) Lair:2        Snake (0/4) Lair:3        Slime (0/5) Lair:4
    Orc (2/2) D:10            Elf (0/3) Orc:2
 Vaults: D:13-14

Altars:
Ashenzari
Cheibriados
Dithmenos
Elyvilon
Fedhas
Gozag
Hepliaklqana
Makhleb
Nemelex Xobeh
Okawaru
Qazlal
Ru
Trog
Uskayaw
Wu Jian
Xom
Yredelemnul
Zin
The Shining One
Jiyva
Lugonu

Shops:
D:10 *(   Orc:1 [(   Orc:2 (*:[

Portals:
Abyss: Lair:1
Trove: D:14 (show abyssal rune of Zot)

Annotations:
D:3 3 runed translucent doors, GonguanaGonguana's ghost, weakling MeEE
D:4 exclusion: downstairs
D:5 3 runed translucent doors, Maxmaps's ghost, novice DrTm
D:7 1 runed translucent door, Zonian's ghost, novice TeAE
D:11 exclusion: 2 downstairs
D:13 2 transporters, exclusion: orange crystal statue
Orc:2 Saint Roka


Innate Abilities, Weirdness & Mutations

You are immune to sickness and miasma.
You are immune to poison.
Your flesh is very heat resistant. (rF++)
You are vulnerable to cold. (rC-)
You float through the air rather than walking.
You learn spells naturally, not from books.
Your magical power is your life essence.
You have superior vitality. (+4 MHP)
You have very sharp teeth.


Message History

The +5 long sword hits you.
Your ufetubus misses the +5 long sword. x2
The +5 long sword hits you!
Your ufetubus completely misses the +5 long sword.
Your ufetubus misses the +5 long sword. Your ynoxinul hits the +5 long sword.
Unknown command.
Unknown command.
You swap places.
The +5 long sword hits your ynoxinul!
Your ufetubus misses the +5 long sword.
Your ufetubus hits the +5 long sword but does no damage.
Your ufetubus barely misses the +5 long sword.
Your ufetubus misses the +5 long sword.
Your ynoxinul closely misses the +5 long sword.
Unknown command.
Unknown command.
You swap places.
The +5 long sword hits your ynoxinul!!
Your ynoxinul dies!
Your ynoxinul disappears in a puff of smoke!
Your ufetubus disappears in a puff of smoke! x2
Unknown command.
Unknown command.
Casting: Searing Ray (safe; 0% risk of failure)
Confirm with . or Enter, or press ? or * to list all spells.
Aiming: Searing Ray (safe; 0% risk of failure)
Press: ? - help, Shift-Dir - straight line, f/p - +5 long sword
Aim: a +5 long sword (almost destroyed, 65% to hit)
The searing ray misses the +5 long sword. (Press . to maintain the ray.)
The +5 long sword misses you.
Unknown command.
Unknown command.
The searing ray misses the +5 long sword.
The +5 long sword hits you.
The searing ray hits the +5 long sword.
The +5 long sword is almost destroyed.
The +5 long sword hits you!!
* * * LOW HITPOINT WARNING * * *
The +5 long sword hits you!
* * * LOW HITPOINT WARNING * * *
Unknown command.
Are you sure you want to abandon this character and quit the game? (Confirm with "yes".)

#.....# #.#.# ##...#
##############.....#
#.#.####....
...................#
#.#...##)###
#######.######.....###.###.##.#
# #.# ###......##.###)##.# #
#.# #...........#...)..# # #.#
#.#........##......# # ## #.#
#.##.##............# .# #.#
#.#..@#..####.....## .#
#.####..###(.## #.....# .#
#.......# #..# ###.### .#
#######..###.########.# .#
###..........5.)......#.#
.###..........#.####.###.#.# #
.......#####.##.# #.# #.#.# #
..:.)#.#####<##.#
#.###.#.######
........))......#
#.#...........


You could see a +5 long sword.

Vanquished Creatures
  3 dire elephants
  7 hydras
  A catoblepas (Lair:5)
  Erica (D:9)
  2 boulder beetles
  An alligator (Lair:3)
  6 centaur warriors
  A dancing weapon (D:14)
  8 two-headed ogres
  5 death yaks
  3 tengu warriors (D:14)
  2 orc high priests (Orc:1)
  Urug (Lair:5)
  Nergalle (Orc:1)
  A skyshark (Lair:5)
  2 fire crabs (Lair:3)
  2 lindwurms (Lair:5)
  4 ugly things
  4 deep elf pyromancers
  3 orc knights
  4 orc sorcerers
  A deep elf zephyrmancer (D:7)
  4 cyclopes
  7 manticores
  5 elephants
  Maurice (D:9)
  5 black mambas
  5 torpor snails
  A gargoyle (D:12)
  13 cane toads
  6 rime drakes
  6 orange demons (D:10)
  5 kobold demonologists
  11 komodo dragons
  A freezing wraith (D:11)
  2 red devils (D:10)
  A wind drake (shapeshifter) (D:14)
  12 trolls
  4 merfolk (Lair:2)
  Grinder (D:6)
  A meliai (D:12)
  4 polar bears
  14 blink frogs
  7 dream sheep (Lair:5)
  A centaur simulacrum (D:12)
  6 slime creatures
  Sigmund (D:5)
  53 yaks
  2 shadows
  6 wraiths
  9 wyverns
  2 steam dragons
  A golden eye (shapeshifter) (D:11)
  6 vampire mosquitoes
  5 basilisks
  Menkaure (D:5)
  8 wargs
  2 nagas (Lair:3)
  An acid dragon (D:11)
  9 water moccasins
  28 orc warriors
  An ice beast (D:6)
  5 black bears
  6 ogres
  A sky beast (D:7)
  A boggart (D:11)
  20 wolves
  6 centaurs
  2 phantoms
  4 kobold brigands
  12 bullfrogs
  4 scorpions
  2 gnoll sergeants
  4 wights (D:6)
  12 killer bees
  2 electric eels
  3 hounds
  15 jellies
  9 orc priests
  Ijyb (D:5)
  Crazy Yiuf (D:6)
  15 orc wizards
  2 sleepcaps
  4 iguanas
  18 gnolls
  15 adders
  A shadow imp (D:6)
  A white imp (D:6)
  3 ufetubi
  A worm (D:2)
  2 dart slugs
  59 orcs
  9 endoplasms
  3 giant cockroaches (D:2)
  36 goblins
  29 hobgoblins
  10 jackals
  31 kobolds
  5 quokkas
  7 ball pythons
  4 bats
  4 frilled lizards
  6 rats
  A spectral orc (D:13)
  7 foxfires
  A lurking horror (Lair:1)
705 creatures vanquished.

Vanquished Creatures (collateral kills)
  Rupert (Orc:2)
  An orc warlord (Orc:1)
  Fannar (Lair:2)
  An ogre mage (D:12)
  2 orc high priests (Orc:2)
  An ugly thing (D:14)
  2 orc sorcerers (Orc:2)
  A cyclops (D:12)
  A kobold demonologist (D:12)
  A troll (D:12)
  A wraith (D:14)
  A basilisk (D:12)
  A warg (Orc:2)
  7 orc warriors (Orc:2)
  A centaur (D:13)
  3 orc priests (D:11)
  3 orc wizards
  3 gnolls
  A white imp (D:4)
  8 orcs
  61 foxfires
102 creatures vanquished.

Vanquished Creatures (others)
  An orc wizard (Orc:2)
  4780 foxfires
  A lurking horror (Lair:1)
4782 creatures vanquished.

Grand Total: 5589 creatures vanquished

Notes
Turn   | Place    | Note
-------+----------+-------------------------------------------
     0 | D:1      | TittyCrusher the Djinni Hedge Wizard began the quest for
                  | the Orb.
     0 | D:1      | TittyCrusher set off with the following spells memorised:
                  | Magic Dart, Slow, Blink, Call Imp, Mephitic Cloud.
     0 | D:1      | Reached XP level 1. HP: 15/15 MP: 0/0
   123 | D:1      | Reached skill level 3 in Ice Magic
   147 | D:1      | Reached XP level 2. HP: 18/21 MP: 0/0
   398 | D:1      | Reached XP level 3. HP: 19/25 MP: 0/0
   398 | D:1      | Learned a level 1 spell: Foxfire
   876 | D:2      | Reached XP level 4. HP: 30/31 MP: 0/0
  1042 | D:2      | Reached skill level 4 in Ice Magic
  1424 | D:2      | Reached XP level 5. HP: 34/35 MP: 0/0
  1424 | D:2      | Learned a level 2 spell: Lesser Beckoning
  2144 | D:3      | Found a runed translucent gate.
  2145 | D:3      | Found a runed translucent gate.
  2145 | D:3      | Noticed a kobold brigand
  2147 | D:3      | Found a runed translucent gate.
  2147 | D:3      | Noticed GonguanaGonguana's ghost (weakling MeEE)
  2711 | D:4      | Found a stormy altar of Qazlal.
  2714 | D:4      | Found a glowing silver altar of Zin.
  3022 | D:4      | Reached XP level 6. HP: 40/40 MP: 0/0
  3037 | D:4      | Reached skill level 5 in Spellcasting
  3037 | D:4      | Reached skill level 5 in Conjurations
  3037 | D:4      | Reached skill level 5 in Hexes
  3037 | D:4      | Reached skill level 5 in Summonings
  3037 | D:4      | Reached skill level 5 in Necromancy
  3037 | D:4      | Reached skill level 5 in Translocations
  3037 | D:4      | Reached skill level 5 in Transmutations
  3037 | D:4      | Reached skill level 5 in Fire Magic
  3037 | D:4      | Reached skill level 5 in Ice Magic
  3037 | D:4      | Reached skill level 5 in Air Magic
  3037 | D:4      | Reached skill level 5 in Earth Magic
  3037 | D:4      | Reached skill level 5 in Poison Magic
  3607 | D:4      | Gained mutation: You have very sharp teeth. [potion of
                  | mutation]
  3607 | D:4      | Gained mutation: You are agile. (Dex +4, Str/Int -1)
                  | [potion of mutation]
  3698 | D:5      | Entered Level 5 of the Dungeon
  3700 | D:5      | Noticed Menkaure
  3701 | D:5      | Noticed Sigmund
  3706 | D:4      | Reached XP level 7. HP: 22/45 MP: 0/0
  3706 | D:4      | Learned a level 2 spell: Searing Ray
  3752 | D:5      | Reached skill level 6 in Ice Magic
  4125 | D:5      | Killed Menkaure
  4126 | D:5      | Reached XP level 8. HP: 48/50 MP: 0/0
  4128 | D:5      | Reached skill level 7 in Ice Magic
  4195 | D:5      | Killed Sigmund
  4391 | D:5      | Found a runed translucent gate.
  4392 | D:5      | Found a runed translucent gate.
  4393 | D:5      | Found a runed translucent gate.
  4400 | D:5      | Noticed Ijyb
  4403 | D:5      | Noticed Maxmaps's ghost (novice DrTm)
  4424 | D:5      | Killed Ijyb
  5123 | D:6      | Reached skill level 8 in Ice Magic
  5220 | D:6      | Reached XP level 9. HP: 55/55 MP: 0/0
  5220 | D:6      | Learned a level 4 spell: Manifold Assault
  5228 | D:6      | Found a staircase to the Ecumenical Temple.
  5269 | Temple   | Entered the Ecumenical Temple
  5614 | D:6      | Noticed Grinder
  5630 | D:6      | Killed Grinder
  5631 | D:6      | Reached skill level 9 in Ice Magic
  5841 | D:6      | Found a runed translucent door.
  5842 | D:6      | Noticed Crazy Yiuf
  5859 | D:6      | Killed Crazy Yiuf
  5992 | D:6      | Found a sacrificial altar of Ru.
  5994 | D:6      | Found a burning altar of Makhleb.
  6228 | D:6      | Found an opulent altar of Gozag.
  6228 | D:6      | Found a hazy altar of Hepliaklqana.
  6234 | D:6      | Became a worshipper of Makhleb the Destroyer
  6321 | D:7      | Found a runed translucent door.
  6327 | D:7      | Noticed Zonian's ghost (novice TeAE)
  6488 | D:7      | Noticed a deep elf zephyrmancer
  6498 | D:7      | Killed a deep elf zephyrmancer
  6499 | D:7      | Reached skill level 10 in Spellcasting
  6499 | D:7      | Reached skill level 10 in Conjurations
  6499 | D:7      | Reached skill level 10 in Hexes
  6499 | D:7      | Reached skill level 10 in Summonings
  6499 | D:7      | Reached skill level 10 in Necromancy
  6499 | D:7      | Reached skill level 10 in Translocations
  6499 | D:7      | Reached skill level 10 in Transmutations
  6499 | D:7      | Reached skill level 10 in Fire Magic
  6499 | D:7      | Reached skill level 10 in Ice Magic
  6499 | D:7      | Reached skill level 10 in Air Magic
  6499 | D:7      | Reached skill level 10 in Earth Magic
  6499 | D:7      | Reached skill level 10 in Poison Magic
  6499 | D:7      | Reached XP level 10. HP: 57/60 MP: 0/0
  7396 | D:8      | Reached skill level 11 in Ice Magic
  7746 | D:9      | Noticed Erica
  7901 | D:9      | Noticed a kobold demonologist
  7903 | D:9      | Noticed a kobold demonologist
  7917 | D:9      | Killed a kobold demonologist
  7919 | D:9      | Reached * piety under Makhleb
  7925 | D:9      | Killed a kobold demonologist
  7926 | D:9      | Reached skill level 12 in Ice Magic
  7926 | D:9      | Reached XP level 11. HP: 62/65 MP: 0/0
  7926 | D:9      | Learned a level 4 spell: Dispel Undead
  7933 | D:9      | Killed Erica
  8439 | D:9      | Identified 2 scrolls of acquirement
  8439 | D:9      | Acquired a manual of Fighting
  8441 | D:9      | Acquired a manual of Ice Magic
  8635 | D:9      | Noticed Maurice
  8647 | D:9      | Killed Maurice
  8780 | D:10     | Entered Level 10 of the Dungeon
  8808 | D:10     | Reached skill level 5 in Fighting
  8892 | D:10     | Noticed an orc knight
  8893 | D:10     | Found Botepron's Weapon Shoppe.
  9014 | D:10     | Found a staircase to the Orcish Mines.
  9044 | D:10     | Killed an orc knight
  9217 | D:10     | Reached skill level 10 in Fighting
  9272 | D:10     | Reached ** piety under Makhleb
  9285 | D:10     | Reached XP level 12. HP: 94/94 MP: 0/0
  9370 | D:10     | Found Niyxisev's Assorted Antiques.
  9376 | D:10     | Bought a scroll of identify for 60 gold pieces
  9376 | D:10     | Bought a scroll labelled YTHRAUKAA MECRU for 30 gold pieces
  9376 | D:10     | Bought a potion of lignification for 90 gold pieces
  9461 | D:10     | Noticed a two-headed ogre
  9478 | D:10     | Killed a two-headed ogre
  9823 | D:10     | Identified the +2 ring mail of the Threshing Gods {rC+}
 10109 | D:11     | Found a staircase to the Lair.
 10458 | D:11     | Noticed a two-headed ogre
 10469 | D:11     | Killed a two-headed ogre
 10503 | D:12     | Noticed a two-headed ogre
 10513 | D:12     | Killed a two-headed ogre
 10620 | Lair:1   | Entered Level 1 of the Lair of Beasts
 10734 | Lair:1   | Reached skill level 15 in Fighting
 11066 | Lair:1   | Reached skill level 13 in Ice Magic
 11108 | Lair:1   | Found a one-way gate to the infinite horrors of the Abyss.
 11109 | Lair:1   | Found a corrupted altar of Lugonu.
 11267 | Lair:1   | Reached XP level 13. HP: 58/108 MP: 0/0
 11267 | Lair:1   | Learned a level 5 spell: Metabolic Englaciation
 11817 | Lair:2   | Noticed Fannar
 11848 | Lair:2   | Noticed a five-headed hydra
 11878 | Lair:2   | Killed a five-headed hydra
 11879 | Lair:2   | Reached skill level 14 in Ice Magic
 11935 | Lair:2   | Noticed a seven-headed hydra
 12169 | Lair:2   | Noticed a five-headed hydra
 12184 | Lair:2   | Killed a five-headed hydra
 12210 | Lair:2   | Found a staircase to the Shoals.
 12284 | Lair:2   | Reached *** piety under Makhleb
 12626 | Lair:2   | Killed a seven-headed hydra
 12627 | Lair:2   | Reached skill level 15 in Ice Magic
 12890 | Lair:3   | Found a staircase to the Snake Pit.
 12992 | Lair:3   | Found a shadowy altar of Dithmenos.
 13136 | Lair:3   | Reached skill level 16 in Ice Magic
 13169 | Lair:3   | Noticed a dire elephant
 13757 | Lair:2   | Killed a dire elephant
 14093 | Lair:3   | Reached skill level 17 in Ice Magic
 14093 | Lair:3   | Reached XP level 14. HP: 114/114 MP: 0/0
 14094 | Lair:3   | Reached skill level 15 in Spellcasting
 14094 | Lair:3   | Reached skill level 15 in Conjurations
 14094 | Lair:3   | Reached skill level 15 in Hexes
 14094 | Lair:3   | Reached skill level 15 in Summonings
 14094 | Lair:3   | Reached skill level 15 in Necromancy
 14094 | Lair:3   | Reached skill level 15 in Translocations
 14094 | Lair:3   | Reached skill level 15 in Transmutations
 14094 | Lair:3   | Reached skill level 15 in Fire Magic
 14094 | Lair:3   | Reached skill level 15 in Air Magic
 14094 | Lair:3   | Reached skill level 15 in Earth Magic
 14094 | Lair:3   | Reached skill level 15 in Poison Magic
 14102 | Lair:3   | Reached **** piety under Makhleb
 14418 | Lair:4   | Found a viscous altar of Jiyva.
 14419 | Lair:4   | Found a staircase to the Slime Pits.
 14716 | Lair:4   | Reached ***** piety under Makhleb
 14732 | Lair:4   | Reached skill level 18 in Ice Magic
 15191 | Lair:5   | Entered Level 5 of the Lair of Beasts
 15460 | Lair:5   | Noticed a dire elephant
 15560 | Lair:5   | Killed a dire elephant
 15837 | Lair:5   | Reached skill level 5 in Dodging
 16121 | Lair:5   | Found a snail-covered altar of Cheibriados.
 16774 | Lair:5   | Noticed Urug
 17549 | Lair:5   | Reached XP level 15. HP: 120/120 MP: 0/0
 17549 | Lair:5   | Learned a level 6 spell: Death Channel
 17768 | Lair:5   | Killed Urug
 18109 | Lair:5   | Reached skill level 10 in Dodging
 18796 | Lair:2   | Killed Fannar
 18797 | Lair:2   | Reached skill level 1 in Invocations
 19089 | Orc:1    | Entered Level 1 of the Orcish Mines
 19089 | Orc:1    | Found Puyvuuda's Armour Shop.
 19125 | Orc:1    | Found Bynlats's Antique Weapon Shop.
 19251 | Orc:2    | Entered Level 2 of the Orcish Mines
 19310 | Orc:2    | Found a staircase to the Elven Halls.
 19313 | Orc:2    | Found Roereuv's Book Boutique.
 19445 | Orc:2    | Noticed Saint Roka
 19478 | Orc:1    | Bought a smoking falchion for 240 gold pieces
 19478 | Orc:1    | Identified the +4 falchion of Qazlal's Whim {heavy, rC+
                  | Will+ Dex+4 Stlth-} (You bought it in a shop on level 1 of
                  | the Orcish Mines)
 19766 | D:11     | Reached skill level 5 in Invocations
 21284 | D:12     | Reached ****** piety under Makhleb
 21360 | D:12     | Identified the amulet of Hisoumai {Faith rC+}
 21390 | D:12     | Acquired 991 gold pieces
 21392 | D:12     | Acquired the +0 buckler "Ceasch" {Int+3}
 21607 | D:13     | Noticed a tengu reaver
 21608 | D:13     | Found a transporter.
 21647 | D:13     | Reached XP level 16. HP: 126/126 MP: 0/0
 21986 | D:13     | Found a basalt altar of Yredelemnul.
 22003 | D:13     | Found a transporter.
 22552 | D:14     | Reached skill level 5 in Stealth
 22808 | D:14     | Found a portal to a secret trove of treasure.
 23215 | Orc:2    | Noticed Rupert
 23218 | Orc:2    | Reached skill level 19 in Ice Magic
 23254 | Orc:2    | Reached skill level 1 in Staves
 23306 | Orc:1    | Noticed Nergalle
 23315 | Orc:1    | Killed Nergalle
 23478 | Orc:2    | Found Wiunef's Antique Armour Emporium.
 24346 | Orc:2    | Lost mutation: You are agile. (Dex +4, Str/Int -1) [a
                  | cacodemon]
 24671 | Orc:2    | Found Ujufus's Antique Weapon Emporium.
 24680 | Orc:2    | Bought a faintly glowing rapier for 243 gold pieces
 24680 | Orc:2    | Identified the +5 rapier of Nibbemim {holy, Contam rElec
                  | MP+9} (You bought it in a shop on level 2 of the Orcish
                  | Mines)
 24680 | Orc:2    | Bought a bone long sword for 229 gold pieces
 24680 | Orc:2    | Identified the +9 long sword of Givualy {venom, Will+} (You
                  | bought it in a shop on level 2 of the Orcish Mines)
 24693 | Orc:2    | Found Tamuroe's General Store.
 24711 | Orc:2    | Killed Rupert
 24829 | Orc:2    | Noticed an Executioner
 24987 | Orc:2    | Bought a potion of curing for 39 gold pieces
 24987 | Orc:2    | Bought a condenser vane for 520 gold pieces
 25370 | D:14     | Reached skill level 1 in Evocations
 25780 | D:14     | Quit the game

Illustrated notes

Levels and vault maps discovered:
D:1:      dpeg_arrival_erosion, layout_rooms, minmay_pentomino_q2
D:2:      layout_basic, st_stairs_14
D:3:      layout_basic, gammafunk_ghost_split, chequers_serial_rivers_room_b,
          chequers_mini_garden
D:4:      minmay_goblin_kobold_castle, layout_basic,
          mainiacjoe_overflow_divided_tiny, hangedman_decor_slide_cut,
          nicolae_half_adder
D:5:      layout_layer_cave, gammafunk_ghost_split, uniq_menkaure, uniq_ijyb,
          uniq_sigmund
D:6:      layout_rooms, nicolae_overflow_hidden_temple,
          minmay_temple_entry_mini_moons, chequers_avenue,
          uniq_crazy_yiuf_cottage, uniq_grinder
D:7:      layout_gridville, ebering_ghost_reflecting_pool,
          guppyfry_early_elven_hall
D:8:      layout_loops_cross
D:9:      layout_gridville, uniq_erica, uniq_maurice
D:10:     layout_long_grid, orc_david_3, serial_shops, nicolae_shop_waterfront,
          hangedman_decor_diamond_cutter, chequers_serial_rivers_micro_c,
          minmay_beelzebubs_servants
D:11:     layout_basic, erik_lair_orcish_takeover
D:12:     minmay_the_grid_square_5x5_5x5 [minmay_the_grid_square_5x5_empty,
          minmay_the_grid_square_5x5_eight_small,
          minmay_the_grid_square_5x5_bracketed,
          minmay_the_grid_square_5x5_forky,
          minmay_the_grid_square_5x5_tetrominoes,
          minmay_the_grid_square_5x5_eight,
          minmay_the_grid_square_5x5_prize_rear_guard,
          minmay_the_grid_square_5x5_corner,
          minmay_the_grid_square_5x5_prize_snowflake,
          minmay_the_grid_square_5x5_seven, minmay_the_grid_square_5x5_plus,
          minmay_the_grid_square_5x5_two_small,
          minmay_the_grid_square_5x5_prize_deathbox,
          minmay_the_grid_square_5x5_percent, minmay_the_grid_square_5x5_two,
          minmay_the_grid_square_5x5_beaten_path,
          minmay_the_grid_square_5x5_prize_gold,
          minmay_the_grid_square_5x5_broken_cross,
          minmay_the_grid_square_5x5_prize_waves,
          minmay_the_grid_square_5x5_intrusive_squares,
          minmay_the_grid_square_5x5_fat_x, minmay_the_grid_square_5x5_three,
          minmay_the_grid_square_5x5_dogpile, minmay_the_grid_square_5x5_inset,
          minmay_the_grid_square_5x5_n], layout_basic
D:13:     gammafunk_sealed_arena, layout_loops_ring, special_room
          [special_room_orc], yredelemnul_forgotten_temple_becter
D:14:     layout_loops_ring, erik_vaults_1, gauntlet_entry_generic,
          minmay_misc_feat_plants, nicolae_trove_entry_free_sample
Temple:   nicolae_temple_elliptical
Lair:1:   layout_loops_ring, amcnicky_altar_lugonu_corruption,
          serial_bayou_shore_b, serial_bayou_shore_a
Lair:2:   layout_big_grid, elwin_shoals_entry_stream, uniq_fannar
Lair:3:   layout_roguey, guppyfry_snake_entry_island, basic_altar,
          nicolae_lair_lakeside_cave, infiniplex_staircase_pool_2
Lair:4:   layout_hall_layers, minmay_slime_entry_jelly_boxes,
          infiniplex_staircase_pool
Lair:5:   hangedman_lair_in_review, layout_regular_city,
          kennysheep_snail_temple, uniq_urug
Orc:1:    layout_caves, serial_shops, nicolae_shop_getting_attention,
          shop_coins, uniq_nergalle
Orc:2:    grunt_orc_gardens, layout_caves, grunt_orc_garden, grunt_orc_garden,
          grunt_orc_garden, grunt_orc_garden, basic_altar, uniq_saint_roka,
          uniq_rupert

Skill      XL: |  1  2  3  4  5  6  7  8  9 10 11 12 13 14 15 16 |
---------------+-------------------------------------------------+-----
Spellcasting   | 3 4 5 6 8 10 12 14 16 | 16.2
Conjurations   | 3 4 5 6 8 10 12 14 16 | 16.2
Hexes          | 3 4 5 6 8 10 12 14 16 | 16.2
Summonings     | 3 4 5 6 8 10 12 14 16 | 16.2
Necromancy     | 3 4 5 6 8 10 12 14 16 | 16.2
Translocations | 3 4 5 6 8 10 12 14 16 | 16.2
Transmutations | 3 4 5 6 8 10 12 14 16 | 16.2
Fire Magic     | 3 4 5 6 8 10 12 14 16 | 16.2
Ice Magic      | 3 4 5 6 8 10 12 13 17 18 19 | 19.0
Air Magic      | 3 4 5 6 8 10 12 14 16 | 16.2
Earth Magic    | 3 4 5 6 8 10 12 14 16 | 16.2
Poison Magic   | 3 4 5 6 8 10 12 14 16 | 16.2
Fighting       | 11 15 16 | 16.0
Dodging        | 8 10 | 10.0
Invocations    | 9 |  9.6
Stealth        | 2 5 |  5.0
Staves         | 3 |  3.2
Evocations     | 2 |  2.4

Action                     |  1- 3 |  4- 6 |  7- 9 | 10-12 | 13-15 | 16-18 || total
---------------------------+-------+-------+-------+-------+-------+-------++-------
  Melee: Dagger            |    11 |     1 |    13 |       |       |       ||    25
         Bite              |       |       |     4 |     3 |     1 |    11 ||    19
         Punch             |       |       |     2 |       |     1 |       ||     3
         Quarterstaff      |       |       |     1 |    23 |     1 |       ||    25
         Falchion          |       |       |       |       |    14 |    93 ||   107
         Rapier            |       |       |       |       |       |    11 ||    11
   Cast: Magic Dart        |    72 |    22 |     5 |     8 |     4 |       ||   111
         Foxfire           |     4 |   167 |   195 |   364 |  1617 |   335 ||  2682
         Mephitic Cloud    |     1 |       |    14 |    68 |   175 |    91 ||   349
         Call Imp          |       |     1 |     4 |     4 |       |       ||     9
         Blink             |       |       |     2 |     1 |   133 |    53 ||   189
         Searing Ray       |       |       |     3 |    43 |    99 |    50 ||   195
         Slow              |       |       |       |     1 |       |       ||     1
         Metabolic Englaci |       |       |       |       |   167 |    36 ||   203
         Death Channel     |       |       |       |       |     1 |     8 ||     9
         Manifold Assault  |       |       |       |       |       |    14 ||    14
 Invoke: Lesser Servant of |       |       |       |       |     3 |     2 ||     5
         Greater Servant o |       |       |       |       |       |     9 ||     9
  Evoke: Wand              |       |       |       |     6 |       |     8 ||    14
         Phial of floods   |       |       |       |       |       |     1 ||     1
    Use: Scroll            |       |     5 |     6 |     4 |     6 |    14 ||    35
         Potion            |       |     2 |     1 |     1 |     1 |    16 ||    21
   Stab: Confused          |     2 |       |       |     7 |     1 |     8 ||    18
         Distracted        |       |       |       |       |       |     1 ||     1
         Invisible         |       |       |       |       |       |     1 ||     1
 Armour: Robe              |    11 |     4 |     7 |    18 |       |       ||    40
         Troll leather arm |       |       |       |    40 |   201 |    80 ||   321
  Dodge: Dodged            |    26 |    23 |    16 |    73 |   636 |   253 ||  1027
  Block: Buckler           |       |       |       |       |     1 |    56 ||    57

Table legend: (Time is in decaauts)
 A = Elapsed time spent in this place.
 B = Non-inter-level travel time spent in this place.
 C = Inter-level travel time spent in this place.
 D = Time resting spent in this place.
 E = Time spent auto-exploring this place.
 F = Levels seen in this place.
 G = Mean time per level.
                   A        B        C        D        E       F      G
               +--------+--------+--------+--------+--------+-----+--------+
         Total |  26050 |  23914 |   2136 |   1595 |  12103 |  22 | 1184.1 |
       Dungeon |  14905 |  13946 |    959 |    964 |   8253 |  14 | 1064.6 |
        Temple |    159 |    131 |     28 |      0 |     81 |   1 |  159.0 |
          Lair |   8365 |   7785 |    580 |    315 |   3513 |   5 | 1673.0 |
  Orcish Mines |   2619 |   2050 |    569 |    316 |    256 |   2 | 1309.5 |
               +--------+--------+--------+--------+--------+-----+--------+

Top non-repeatable levels by time:
  Lair:5: 3037 daAuts
   Orc:1: 1910 daAuts
    D:11: 1739 daAuts
  Lair:2: 1610 daAuts
    D:12: 1476 daAuts
  Lair:3: 1383 daAuts
     D:5: 1377 daAuts
  Lair:1: 1339 daAuts
     D:9: 1207 daAuts
    D:10: 1201 daAuts
     D:2: 1184 daAuts
     D:4: 1054 daAuts
  Lair:4: 994 daAuts
    D:13: 993 daAuts
    D:14: 872 daAuts
